 Dungeon Crawl Stone Soup version 0.22-a0-608-g8a62e23f9f (webtiles) character file.

1605 Oakleaf the Carver (level 8, -19/75 HPs)
             Began as a Deep Dwarf Fighter on July 8, 2018.
             Was a Believer of Makhleb.
             Demolished by a white ugly thing (28 damage)
             ... on level 8 of the Dungeon.
             The game lasted 00:27:32 (5489 turns).

Oakleaf the Carver (Deep Dwarf Fighter)             Turns: 5489, Time: 00:27:33

Health: -19/75     AC: 13    Str: 25    XL:     8   Next: 63%
Magic:  3/3        EV:  8    Int: 11    God:    Makhleb [**....]
Gold:   291        SH: 11    Dex: 16    Spells: 7/7 levels left

rFire    . . .     SeeInvis .   a - +0 long sword
rCold    . . .     Gourm    .   c - +0 shield
rNeg     . . .     Faith    .   b - +0 scale mail
rPois    .         Spirit   .   r - +0 helmet
rElec    .         Reflect  .   p - +0 cloak
rCorr    .         Harm     .   B - +2 pair of gloves
MR       +....                  (no boots)
Stlth    ..........             (no amulet)
HPRegen  0.00/turn              u - +4 ring of dexterity
MPRegen  0.08/turn              (no ring)

@: mighty, non-regenerating
A: damage resistance, heal wounds, sense surroundings 1, no regeneration
a: Heal Wounds, Minor Destruction, Renounce Religion


You were on level 8 of the Dungeon.
You worshipped Makhleb.
Makhleb was pleased with you.
You were not hungry.

You visited 2 branches of the dungeon, and saw 9 of its levels.

You collected 291 gold pieces.

Inventory:

Hand Weapons
 a - a +0 long sword (weapon)
 g - a +0 hunting sling
 m - a +4 quarterstaff of chaos
 s - the +5 hand crossbow "Sooff" {velocity, rPois Int+7 Dex-5 Stlth-}
   (You found it on level 3 of the Dungeon)

   Any bolt fired from it inflicts extra damage.
   It affects your intelligence (+7).
   It affects your dexterity (-5).
   It protects you from poison.
   It makes you less stealthy.
Armour
 b - a +0 scale mail (worn)
 c - a +0 shield (worn)
 p - a +0 cloak (worn)
 r - a +0 helmet (worn)
 x - a +0 scale mail
 B - a +2 pair of gloves (worn)
Jewellery
 t - an uncursed ring of ice
 u - a +4 ring of dexterity (left hand)
 C - a cursed ring of flight
 J - a cursed amulet of inaccuracy
Wands
 n - a wand of random effects (29)
 y - a wand of flame (29)
Scrolls
 h - a scroll of identify
 i - a scroll of fog {unknown}
 j - a scroll of random uselessness
 q - a scroll of enchant armour {unknown}
 v - a scroll of immolation
 w - a scroll of teleportation
 z - a scroll of magic mapping {unknown}
 A - a scroll of holy word {unknown}
 D - 5 scrolls of remove curse {unknown}
 E - a scroll of fear {unknown}
 G - a scroll of enchant weapon {unknown}
Potions
 e - 3 potions of agility {unknown}
 k - 3 potions of heal wounds {unknown}
 l - a potion of cancellation {unknown}
 o - 2 potions of curing
 F - a potion of resistance {unknown}
 H - 2 potions of mutation {unknown}
Comestibles
 f - 8 rations
 I - 2 chunks of flesh


   Skills:
 * Level 5.4 Fighting
 * Level 8.5 Long Blades
 + Level 5.0 Armour
 + Level 5.1 Shields
 - Level 0.1 Spellcasting


You had 7 spell levels left.
You didn't know any spells.
Your spell library contained the following spells:

 Spells                   Type           Power        Failure   Level  Hunger
 Confuse                  Hex            #.......     100%        3    ####...
 Animate Skeleton         Necr           N/A          96%         1    ##.....
 Confusing Touch          Hex            #.....       96%         1    ##.....
 Metabolic Englaciation   Hex/Ice        #.........   100%        5    ######.
 Petrify                  Tmut/Erth      #.......     100%        4    #####..
 Gell's Gravitas          Tloc           #.........   100%        3    ####...
 Yara's Violent Unravell  Hex/Tmut       #.........   100%        5    ######.


Dungeon Overview and Level Annotations

Branches:
Dungeon (8/15)             Temple (1/1) D:4
   Lair: D:8-11

Altars:
Cheibriados
Dithmenos
Elyvilon
Fedhas
Gozag
Hepliaklqana
Kikubaaqudgha
Makhleb
Nemelex Xobeh
Okawaru
Qazlal
Ru
Sif Muna
Trog
Uskayaw
Vehumet
Wu Jian
Xom
Yredelemnul
Zin
The Shining One


Innate Abilities, Weirdness & Mutations

You are resistant to damage.
You can heal yourself by infusing magical energy.
You passively map a small area around you.
You do not regenerate.


Message History

The white ugly thing is lightly wounded.
The white ugly thing barely misses you.
You block the white ugly thing's attack.
You barely miss the white ugly thing.
The white ugly thing is lightly wounded.
The white ugly thing trunk-slaps you but does no damage.
You slash the white ugly thing!
The white ugly thing is moderately wounded.
The white ugly thing trunk-slaps you but does no damage.
You closely miss the white ugly thing.
The white ugly thing is moderately wounded.
The white ugly thing trunk-slaps you. The white ugly thing freezes you!!
* * * LOW HITPOINT WARNING * * *
You slash the white ugly thing!
The white ugly thing is heavily wounded.
You block the white ugly thing's attack.
You barely miss the white ugly thing.
The white ugly thing is heavily wounded.
The white ugly thing trunk-slaps you. The white ugly thing freezes you!!
You die...

* **
*
###
,
,.?#
#.#
,
#.#
* *
#.#
,
#u#
,*,,
#@#
*
*###
* ,
, ,,
* ,
,


You could see a white ugly thing.

Vanquished Creatures
  An orc warrior (D:6)
  A phantom (D:7)
  3 ogres
  3 centaurs
  A bullfrog (D:6)
  A scorpion (D:4)
  The ghost of iamserjio the Skirmisher, a weakling DsBe of Trog (D:3)
  A crimson imp (D:6)
  A bullfrog zombie (D:5)
  4 orc priests
  2 centaur skeletons
  A centaur zombie (D:5)
  4 hounds
  A jelly (D:6)
  Crazy Yiuf (D:2)
  3 iguanas
  2 orc wizards
  A hound skeleton (D:6)
  2 worker ant zombies
  3 adders
  A shadow imp (D:5)
  2 oozes
  2 adder skeletons
  2 adder zombies
  3 worms
  2 dart slugs
  2 leopard geckos (D:4)
  26 orcs
  4 giant cockroaches
  8 goblins
  6 hobgoblins
  3 jackals (D:7)
  A quokka (D:3)
  8 bats
  5 frilled lizards
  4 kobolds
  A leopard gecko zombie (D:6)
  10 rats
127 creatures vanquished.

Vanquished Creatures (others)
  A wizard (D:4)
1 creature vanquished.

Grand Total: 128 creatures vanquished

Notes
Turn   | Place    | Note
-------+----------+-------------------------------------------
     0 | D:1      | Oakleaf the Deep Dwarf Fighter began the quest for the Orb.
     0 | D:1      | Reached XP level 1. HP: 20/20 MP: 1/1
    98 | D:1      | Reached XP level 2. HP: 28/28 MP: 2/2
  1013 | D:2      | Reached XP level 3. HP: 27/34 MP: 3/3
  1046 | D:2      | Found a snail-covered altar of Cheibriados.
  1134 | D:2      | Found a glowing golden altar of the Shining One.
  1229 | D:2      | Reached skill level 3 in Long Blades
  1299 | D:2      | Found a radiant altar of Vehumet.
  1299 | D:2      | Found an ancient bone altar of Kikubaaqudgha.
  1301 | D:2      | Found a deep blue altar of Sif Muna.
  1309 | D:2      | Identified Kikubaaqudgha's Volume of Unholy Secrets
  1481 | D:2      | Found a runed door.
  1485 | D:2      | Noticed Crazy Yiuf
  1499 | D:2      | Killed Crazy Yiuf
  1499 | D:2      | Reached XP level 4. HP: 42/42 MP: 4/4
  2204 | D:3      | Found a runed door.
  2204 | D:3      | Noticed iamserjio's ghost (weakling DsBe)
  2223 | D:3      | Noticed an ogre
  2230 | D:3      | Killed an ogre
  2230 | D:3      | Reached skill level 4 in Long Blades
  2230 | D:3      | Reached XP level 5. HP: 26/50 MP: 3/3
  2233 | D:3      | Killed iamserjio's ghost
  2240 | D:3      | Got a smoking hand crossbow
  2324 | D:3      | Found a sacrificial altar of Ru.
  2430 | D:4      | Found a shimmering altar of Xom.
  2430 | D:4      | Found a glowing silver altar of Zin.
  2430 | D:4      | Noticed an angel
  2496 | D:4      | Reached XP level 6. HP: 55/57 MP: 4/4
  2525 | D:4      | Identified the +5 hand crossbow "Sooff" {velocity, rPois Int+7 Dex-5 Stlth-} (You found it on level 3 of the Dungeon)
  2580 | D:4      | Reached skill level 5 in Long Blades
  2759 | D:4      | Found a staircase to the Ecumenical Temple.
  2784 | Temple   | Entered the Ecumenical Temple
  2859 | Temple   | Became a worshipper of Makhleb the Destroyer
  2969 | D:4      | Found a bloodstained altar of Trog.
  2970 | D:4      | Noticed a wizard
  2976 | D:4      | Killed a wizard
  3029 | D:4      | Found an ornate altar of the Wu Jian Council.
  3322 | D:5      | Entered Level 5 of the Dungeon
  3420 | D:5      | Reached XP level 7. HP: 57/66 MP: 4/4
  3697 | D:5      | Reached skill level 6 in Long Blades
  4219 | D:6      | Reached skill level 7 in Long Blades
  4219 | D:6      | Reached XP level 8. HP: 54/73 MP: 3/3
  4221 | D:6      | Reached * piety under Makhleb
  4302 | D:6      | Reached skill level 5 in Fighting
  4402 | D:6      | Found a shimmering altar of Xom.
  4402 | D:6      | Found a shimmering altar of Xom.
  4403 | D:6      | Found a shimmering altar of Xom.
  4403 | D:6      | Found a shimmering altar of Xom.
  4404 | D:6      | Found a shimmering altar of Xom.
  4790 | D:6      | Reached skill level 8 in Long Blades
  5270 | D:7      | Reached skill level 5 in Shields
  5371 | D:7      | Reached skill level 5 in Armour
  5443 | D:7      | Reached ** piety under Makhleb
  5463 | D:7      | Noticed a white ugly thing
  5489 | D:8      | Demolished by a white ugly thing

Vault maps used:
D:1:      tarquinn_simple_flora_water_b
D:2:      grunt_temple_overflow_magic_moments, cheibriados_altar_1, tso_altar,
          uniq_crazy_yiuf_cottage
D:3:      ebering_ghost_inner_flame, nicolae_ru_the_path_less_chosen
D:4:      grunt_temple_overflow_order_and_chaos_1, marbit_many_paths,
          minmay_temple_entry_butterflies, minmay_misc_feat_rows, trog_wizard
D:5:      first_ration
D:6:      xom_redecorated
D:7:      kennysheep_housing_project, serial_shops, shop
D:8:      old_standard_altar, grunt_lair_entry_orc_guard_hut
Temple:   nicolae_temple_hex_pool

Skill      XL: |  1  2  3  4  5  6  7  8 |
---------------+-------------------------+-----
Fighting       | 3 4 5 |  5.4
Long Blades    | 3 4 5 7 8 |  8.5
Armour         | 4 5 |  5.0
Shields        | 4 5 |  5.1
Spellcasting   | |  0.1

Action                   |  1- 3 |  4- 6 |  7- 9 || total
-------------------------+-------+-------+-------++-------
Melee: Long sword        |   117 |   151 |   224 ||   492
 Abil: Heal Wounds       |     3 |     5 |     3 ||    11
  Use: Potion            |       |     1 |     2 ||     3
       Scroll            |       |     6 |     4 ||    10
  Eat: Chunk             |     2 |     1 |     2 ||     5
       Ration            |       |     2 |     1 ||     3
Armor: Scale mail        |    48 |    75 |    83 ||   206
Dodge: Dodged            |    32 |    34 |    43 ||   109
Block: Shield            |    63 |    73 |   102 ||   238
       Rpst.: Long sword |    13 |     9 |    13 ||    35

Table legend:
 A = Spawn XP
 B = Non-spawn XP
 C = Spawn XP percentage of total XP
 D = Spawn monster count
 E = Non-spawn monster count
 F = Spawn count percentage of total count
 G = Total turns spent on level
                    A         B        C        D         E        F      G
               +---------+---------+-------+---------+---------+-------+---------
         Total |       0 |    2293 |   0.0 |       0 |     127 |   0.0 |  5489
               +---------+---------+-------+---------+---------+-------+---------
           D:1 |       0 |      38 |   0.0 |       0 |      21 |   0.0 |   944
           D:2 |       0 |      88 |   0.0 |       0 |      23 |   0.0 |   826
           D:3 |       0 |     238 |   0.0 |       0 |      12 |   0.0 |   660
           D:4 |       0 |     256 |   0.0 |       0 |      18 |   0.0 |   755
           D:5 |       0 |     402 |   0.0 |       0 |      12 |   0.0 |   795
           D:6 |       0 |    1062 |   0.0 |       0 |      29 |   0.0 |   996
           D:7 |       0 |     209 |   0.0 |       0 |      12 |   0.0 |   365
               +---------+---------+-------+---------+---------+-------+---------
